 Dungeon Crawl Stone Soup version 0.18.1-50-g88ac8fd (webtiles) character file.

2216 go0n the Grappler (level 9, 0/94 HPs)
             Began as a Troll Berserker on Sept 17, 2016.
             Was a Priest of Trog.
             Slain by HolyRage's ghost (3 damage)
             ... on level 7 of the Dungeon.
             The game lasted 00:19:44 (5128 turns).

go0n the Grappler (Troll Berserker)                 Turns: 5128, Time: 00:19:45

Health: 0/94       AC:  7    Str: 28 (29) XL:     9   Next: 13%
Magic:  8/8        EV:  5    Int:  2 (3)  God:    Trog [***...]
Gold:   316        SH:  0    Dex:  9 (10) Spells: 0 memorised, 8 levels left

rFire  + . .     SeeInvis .       - Unarmed
rCold  . . .     Gourm    +     a - +0 animal skin
rNeg   + . .     Faith    .     (no shield)
rPois  .         Spirit   .     (helmet restricted)
rElec  .         Dismiss  .     l - +1 cloak
rCorr  .         Reflect  .     (gloves unavailable)
SustAt .         Harm     .     (boots unavailable)
MR     .....                    (no amulet)
Stlth  +.........               k - ring of protection from fire
                                o - ring of positive energy

@: not resistant to hostile enchantments, very unstealthy
A: unfitting armour, claws 3, fast metabolism 3, gourmand, regeneration 2,
shaggy fur 1, tough skin 2
a: Berserk, Trog's Hand, Burn Spellbooks, Renounce Religion


You were on level 7 of the Dungeon.
You worshipped Trog.
Trog was most pleased with you.
You were full.

You visited 1 branch of the dungeon, and saw 7 of its levels.

You collected 316 gold pieces.

Inventory:

Armour
 a - a +0 animal skin (worn)
 l - a +1 cloak (worn)
Jewellery
 g - an uncursed ring of wizardry
 h - an uncursed ring of loudness
 k - a ring of protection from fire (right claw)
 o - a ring of positive energy (left claw)
 s - an uncursed ring of protection from fire
Scrolls
 d - 6 scrolls of identify
 i - a scroll of fear
 j - a scroll of remove curse
 m - a scroll of enchant weapon
 u - a scroll of teleportation
 y - a scroll of amnesia
 z - 3 scrolls of random uselessness
Potions
 e - 2 potions of might
 f - a potion of lignification
Comestibles
 b - 6 bread rations
 c - a meat ration
 r - a slice of pizza


   Skills:
 + Level 7.6 Fighting
 - Level 2.4 Dodging
 + Level 9.1 Unarmed Combat


You had 8 spell levels left.
You didn't know any spells.

Dungeon Overview and Level Annotations

Branches:
Dungeon (7/15)             Temple (0/1) D:4

Altars:
Elyvilon
Okawaru
Pakellas
Qazlal
Ru
Xom
The Shining One

Shops:
D:5 [

Annotations:
D:7 HolyRage's ghost, novice TrBe


Innate Abilities, Weirdness & Mutations

You are too large for most types of armour.
You have claws for hands.
Your metabolism is lightning-fast.
You like to eat raw meat.
You heal very quickly.
You are covered in fur (AC +1).
You have very tough skin (AC +2).


Message History

HolyRage's ghost screams, "What do you have that I didn't have?"
HolyRage's ghost hits you.
You barely miss HolyRage's ghost.
HolyRage's ghost is heavily damaged.
HolyRage's ghost hits you.
You scratch HolyRage's ghost.
HolyRage's ghost is heavily damaged.
HolyRage's ghost hits you! HolyRage's ghost burns you.
You scratch HolyRage's ghost but do no damage.
HolyRage's ghost is heavily damaged.
HolyRage's ghost hits you!! HolyRage's ghost burns you.
HolyRage's ghost hits you!!
* * * LOW HITPOINT WARNING * * *
HolyRage's ghost burns you.
* * * LOW HITPOINT WARNING * * *
There is a stone staircase leading up, spattered with blood here.
The ogre hits you with a giant club!
* * * LOW HITPOINT WARNING * * *
HolyRage's ghost hits you.
You die...

..# #.# #..........#.# ..#####.#
#....#.......#### #.....#.#
#..#.#......###.. #.###.#.#
#..#..##.##†..... #...#...##
######.#..........).÷.
###.##...###........####..##....#
#..##......###..### #...#.##†#
####.........##..W#### #.#....#.#
......###.......@O...###......#.#
####<## ###...###a##.............
#.########.........########...
#.##.......##.....## #...
#....########....## #... ######
#...## #... #...# #... #...# #...
##### #...


You could see an ogre, a worker ant and HolyRage's ghost.

Vanquished Creatures
  The ghost of appiemonkey the Ruffian, an amateur TrMo (D:4)
  Edmund (D:4)
  An orc warrior (D:6)
  A necrophage (D:7)
  A phantom (D:4)
  2 ogres
  2 centaurs
  3 giant frogs (D:6)
  A scorpion (D:6)
  4 killer bees (D:7)
  A howler monkey (D:7)
  2 centaur zombies
  5 crimson imps
  4 orc priests
  2 centaur skeletons (D:7)
  A hound (D:4)
  Crazy Yiuf (D:2)
  Ijyb (D:3)
  2 orc wizards
  Natasha (thrice) (D:3)
  2 worker ants
  6 adders
  A shadow imp (D:5)
  An ooze (D:3)
  An adder zombie (D:7)
  2 worms
  3 dart slugs
  A giant gecko (D:6)
  8 orcs
  2 ball pythons
  12 bats
  6 giant cockroaches
  12 goblins
  8 hobgoblins
  8 jackals
  A quokka (D:3)
  A giant newt (D:1)
  7 kobolds
  5 rats
126 creatures vanquished.

Notes
Turn   | Place    | Note
--------------------------------------------------------------
     0 | D:1      | go0n the Troll Berserker began the quest for the Orb.
     0 | D:1      | Reached XP level 1. HP: 22/22 MP: 0/0
    69 | D:1      | Reached XP level 2. HP: 28/29 MP: 1/1
   472 | D:1      | Reached ** piety under Trog
   610 | D:2      | Reached XP level 3. HP: 22/37 MP: 2/2
  1229 | D:2      | Noticed Crazy Yiuf
  1241 | D:2      | HP: 2/55 [Crazy Yiuf/quarterstaff of chaos (4)]
  1245 | D:2      | Killed Crazy Yiuf
  1245 | D:2      | Reached skill level 4 in Unarmed Combat
  1245 | D:2      | Reached XP level 4. HP: 8/45 MP: 0/3
  1440 | D:3      | Noticed Ijyb
  1441 | D:3      | Found a stormy altar of Qazlal.
  1442 | D:3      | Noticed Natasha
  1457 | D:3      | Killed Ijyb
  1479 | D:3      | Found an oddly glowing altar of Pakellas.
  1503 | D:3      | Killed Natasha
  1503 | D:3      | Reached XP level 5. HP: 40/54 MP: 4/4
  1561 | D:3      | Noticed a centaur
  1577 | D:3      | Killed a centaur
  1577 | D:3      | Reached skill level 5 in Unarmed Combat
  1850 | D:3      | Noticed Natasha
  1876 | D:3      | Killed Natasha
  1876 | D:3      | Reached XP level 6. HP: 47/62 MP: 5/5
  2051 | D:3      | Found a glowing golden altar of the Shining One.
  2111 | D:3      | Found a sacrificial altar of Ru.
  2185 | D:3      | Reached *** piety under Trog
  2238 | D:3      | Noticed Natasha
  2253 | D:3      | Killed Natasha
  2582 | D:4      | Found a staircase to the Ecumenical Temple.
  2683 | D:4      | Found a white marble altar of Elyvilon.
  2753 | D:4      | Noticed appiemonkey's ghost (amateur TrMo)
  2773 | D:4      | Killed appiemonkey's ghost
  2773 | D:4      | Reached skill level 5 in Fighting
  2773 | D:4      | Reached skill level 6 in Unarmed Combat
  2773 | D:4      | Reached XP level 7. HP: 19/72 MP: 6/6
  2878 | D:4      | Found an iron altar of Okawaru.
  2885 | D:4      | Noticed Edmund
  2892 | D:4      | Killed Edmund
  2969 | D:4      | Found a shimmering altar of Xom.
  3015 | D:4      | Reached skill level 7 in Unarmed Combat
  3171 | D:4      | Reached XP level 8. HP: 78/83 MP: 7/7
  3466 | D:5      | Entered Level 5 of the Dungeon
  3659 | D:5      | Found Vepixigho's Armour Boutique.
  4275 | D:6      | Reached skill level 8 in Unarmed Combat
  4866 | D:7      | Noticed HolyRage's ghost (novice TrBe)
  4874 | D:7      | Reached XP level 9. HP: 70/91 MP: 8/8
  4879 | D:7      | Reached skill level 9 in Unarmed Combat
  5128 | D:7      | HP: 3/94 [ogre/giant club (8)]
  5128 | D:7      | Slain by HolyRage's ghost

Skill      XL: |  1  2  3  4  5  6  7  8  9 |
---------------+----------------------------+-----
Fighting       | 3 4 5 6 7 |  7.6
Unarmed Combat | 4 5 6 7 8 9 |  9.1
Dodging        | |  2.4

Action                   |  1- 3 |  4- 6 |  7- 9 || total
-------------------------+-------+-------+-------++-------
Melee: Unarmed           |   105 |   157 |   132 ||   394
       Punch             |     2 |       |     5 ||     7
Invok: Trog's Hand       |       |     3 |     4 ||     7
       Berserk           |       |     2 |     2 ||     4
       Burn Spellbooks   |       |       |     1 ||     1
  Use: Potion            |     2 |     1 |     8 ||    11
       Scroll            |       |     3 |    10 ||    13
  Eat: Chunk             |     5 |    22 |    17 ||    44
       Bread ration      |     1 |       |     1 ||     2
       Beef jerky        |       |       |     1 ||     1
Armor: Animal skin       |    36 |    61 |    46 ||   143
Dodge: Dodged            |    58 |    97 |    61 ||   216
